 Dungeon Crawl Stone Soup version 0.31-a0-202-g547052bce9 (webtiles) character file.

Game seed: 2013763297204599865

143 qw the Skirmisher (level 5, -1/29 HPs)
             Began as a Deep Elf Hunter on June 26, 2023.
             Slain by an iguana (2 damage)
             ... on level 3 of the Dungeon.
             The game lasted 00:01:00 (2582 turns).

qw the Skirmisher (Deep Elf Hunter)                 Turns: 2582, Time: 00:01:00

Health: -1/29      AC:  5    Str: 10    XL:     5   Next: 4%
Magic:  7/7        EV: 12    Int: 14    God:
Gold:   125        SH:  0    Dex: 18    Spells: 4/4 levels left

rFire   . . .        Y - +0 shortbow
rCold   + . .        (shield currently unavailable)
rNeg    . . .        j - +2 leather armour {rC+}
rPois   .            (no helmet)
rElec   .            (no cloak)
rCorr   .            (no gloves)
SInv    .            (no boots)
Will    .....        (no amulet)
Stlth   ++           (no ring)
HPRegen 0.24/turn    (no ring)
MPRegen 0.10/turn

%: no passive effects
@: about to teleport
A: no striking features
a: no special abilities


You were on level 3 of the Dungeon.
You visited 1 branch of the dungeon, and saw 4 of its levels.

You collected 125 gold pieces.


   Skills:
 - Level 1.5 Fighting
 + Level 8.4 Ranged Weapons
 - Level 2.4 Dodging
 - Level 1.2 Stealth


You had 4 spell levels left.
You didn't know any spells.
Your spell library was empty.

Inventory:

Hand Weapons
 Y - a +0 shortbow (weapon)
Armour
 g - a +0 scale mail
 j - a +2 leather armour of cold resistance (worn)
Scrolls
 f - a scroll of identify
Potions
 b - a potion of resistance
 c - a potion of haste
 d - a potion of degeneration {unknown}
 e - a potion of enlightenment
 h - a potion of heal wounds
 i - a potion of attraction {unknown}

Dungeon Overview and Level Annotations

Branches:
Dungeon (4/15)
 Temple: D:4-7

Altars:
Ru


Message History

The orc hits you with a +0 short sword.
You shoot an arrow. The arrow hits the orc.
You kill the orc!
You start resting.
HP restored.
Done exploring.
(D) Dungeon
Where to? (* - list waypoints, Enter - D:4, ? - help)
What level of the Dungeon? (default 1, ? - help)
You climb downwards.
The orc completely misses you. The iguana closely misses you.
The orc closely misses you. The iguana closely misses you.
There is a stone staircase leading up, spattered with blood here.
There are monsters nearby!
You shoot an arrow.
The arrow hits the iguana but does no damage.
The orc hits you but does no damage. The iguana bites you.
2575 ||| STAIRDANCE The orc hits you with a +0 flail.
The iguana closely misses you.
You climb upwards.
There is a stone staircase leading down here.
You shoot an arrow. The arrow hits the iguana!
The iguana is heavily wounded.
The orc closely misses you. The iguana bites you!
You shoot an arrow. The arrow hits the iguana.
The iguana is severely wounded.
The orc hits you but does no damage. The iguana bites you.
You shoot an arrow. The arrow completely misses the iguana.
The orc barely misses you. The iguana closely misses you.
You shoot an arrow. The arrow barely misses the iguana.
The orc misses you. The iguana closely misses you.
You shoot an arrow.
The arrow hits the iguana but does no damage.
The iguana is severely wounded.
The orc closely misses you. The iguana bites you!
2582 ||| READING scroll of teleportation.
As you read the scroll of teleportation, it crumbles to dust.
You feel strangely unstable. The orc hits you with a +0 flail.
The iguana bites you.
You die...

#.#'###....................##
###
.<..#...............#.......#
#..
#####.#.....#.......+.......#
#.# #.#.....#.......#.......#
#.#
#.#.....#.##............###.#
#.#..##.#......#............#
#.#...#..###...#<.......##..#
#.#........[.l.##.......##...
#...........@#######'######..
###....#.##o## #.........
######.##.# ##########
#.##.####### #..........#
#.##.....#.# ###......#.#
#.####.#.# #.# #.#.#


You could see an iguana and an orc.

Vanquished Creatures
  Jessica (D:3)
  4 adders
  3 dart slugs (D:1)
  5 orcs
  7 bats
  6 endoplasms
  4 giant cockroaches
  7 goblins
  8 hobgoblins
  A quokka (D:3)
  6 ball pythons
  2 frilled lizards
  7 kobolds
  5 rats
66 creatures vanquished.

Notes
Turn   | Place    | Note
-------+----------+-------------------------------------------
     0 | D:1      | qw the Deep Elf Hunter began the quest for the Orb.
     0 | D:1      | Reached XP level 1. HP: 12/12 MP: 3/3
     0 | D:1      | 0 ||| qw: Version: 0.3-a-22-g0ed2b0b
     0 | D:1      | 0 ||| qw: Game counter: 5986
     0 | D:1      | 0 ||| qw: Melee chars always use a shield: true
     0 | D:1      | 0 ||| qw: God list: Okawaru
     0 | D:1      | 0 ||| qw: Allow faded altars: false
     0 | D:1      | 0 ||| qw: Do Orc after clearing Dungeon:15 true
     0 | D:1      | 0 ||| qw: Do second Lair branch before Depths: true
     0 | D:1      | 0 ||| qw: Lair rune preference: random
     0 | D:1      | 0 ||| qw: Goals: Normal
     0 | D:1      | 0 ||| PLANNING D:1-11
    26 | D:1      | Found a faded altar of an unknown god.
   156 | D:1      | Reached XP level 2. HP: 16/16 MP: 4/4
   189 | D:1      | Reached skill level 6 in Ranged Weapons
   459 | D:1      | Reached XP level 3. HP: 16/20 MP: 5/5
   459 | D:1      | 459 ||| FLEEEEING.
   460 | D:1      | 460 ||| FLEEEEING.
   969 | D:1      | 969 ||| READING scroll labelled PEINAROLI.
   972 | D:1      | 972 ||| READING scroll labelled UNYASSOUSU.
   973 | D:1      | 973 ||| DROPPING scroll of butterflies.
  1015 | D:2      | Found a sacrificial altar of Ru.
  1110 | D:2      | Reached skill level 7 in Ranged Weapons
  1336 | D:2      | Reached XP level 4. HP: 20/25 MP: 6/6
  1638 | D:2      | 1638 ||| UPGRADING to +0 scale mail.
  1648 | D:2      | 1648 ||| DROPPING +0 leather armour.
  1649 | D:2      | 1649 ||| UPGRADING to +2 leather armour of cold resistance.
  1659 | D:2      | 1659 ||| READING scroll labelled GIENGA QOKLYNN.
  1660 | D:2      | 1660 ||| READING scroll labelled SUUGEGERUO.
  1661 | D:2      | 1661 ||| READING scroll labelled AFIPAS UGIDWUF.
  1662 | D:2      | 1662 ||| READING scroll labelled BIKLUWN ABOP.
  1663 | D:2      | 1663 ||| DRINKING 2 smoky amethyst potions.
  1664 | D:2      | 1664 ||| DRINKING 2 glowing clear potions.
  1873 | D:3      | Noticed Jessica
  1879 | D:3      | Killed Jessica
  1880 | D:3      | Reached skill level 8 in Ranged Weapons
  2462 | D:3      | 2462 ||| READING scroll labelled GUAMI PIWUFO.
  2463 | D:3      | 2463 ||| READING scroll labelled UKEPROOROR.
  2464 | D:3      | 2464 ||| DRINKING 2 lumpy clear potions.
  2465 | D:3      | 2465 ||| READING 2 scrolls of identify.
  2465 | D:3      | 2465 ||| IDENTIFYING amethyst potion
  2495 | D:4      | Reached XP level 5. HP: 29/29 MP: 7/7
  2497 | D:4      | 2497 ||| STAIRDANCE
  2522 | D:4      | 2522 ||| STAIRDANCE
  2575 | D:4      | 2575 ||| STAIRDANCE
  2581 | D:3      | HP: 3/29 [iguana (7)]
  2582 | D:3      | 2582 ||| READING scroll of teleportation.
  2582 | D:3      | HP: 1/29 [orc/+0 flail (3)]
  2582 | D:3      | Slain by an iguana

Levels and vault maps discovered:
D:1:      co_arrival_random_square_maze, layout_basic,
          hellmonk_ecumenical_altar_crossroads
D:2:      layout_basic, basic_altar, minivault_26,
          chequers_serial_rivers_micro_a, minmay_tetromino_i2
D:3:      layout_basic, uniq_jessica
D:4:      layout_basic, uniq_robin, uniq_grinder

Skill      XL: |  1  2  3  4 |
---------------+-------------+-----
Ranged Weapons | 6 7 8 |  8.4
Fighting       | |  1.5
Dodging        | |  2.4
Stealth        | |  1.2

Action                     |  1- 3 |  4- 6 || total
---------------------------+-------+-------++-------
   Fire: Shortbow          |   139 |    94 ||   233
    Use: Scroll            |     2 |     8 ||    10
         Potion            |       |     3 ||     3
 Armour: Leather armour    |    11 |    13 ||    24
  Dodge: Dodged            |    38 |    27 ||    65

Table legend:
 A = Non-vault XP
 B = Vault XP
 C = Vault XP percentage of total XP
 D = Non-vault monster count
 E = Vault monster count
 F = Vault count percentage of total count
                 A         B        C        D         E       F
            +---------+---------+-------+---------+---------+-------
      Total |     167 |      38 |  18.5 |      64 |       2 |   3.0
            +---------+---------+-------+---------+---------+-------
        D:1 |      57 |       0 |   0.0 |      29 |       0 |   0.0
        D:2 |      45 |       1 |   2.2 |      14 |       1 |   6.7
        D:3 |      59 |      37 |  38.5 |      19 |       1 |   5.0
        D:4 |       6 |       0 |   0.0 |       2 |       0 |   0.0
            +---------+---------+-------+---------+---------+-------
